[Event "15th Chennai GM Open 2025"]
[Site "Chennai"]
[Date "2025.01.04"]
[Round "4.8"]
[White "Deepan Chakkravarthy J."]
[Black "Adireddy Arjun"]
[Result "1/2-1/2"]
[ECO "D27"]
[WhiteElo "2413"]
[BlackElo "2326"]
[Annotator "TA"]
[PlyCount "94"]
[EventDate "2025.01.02"]
[EventType "swiss"]
[EventCountry "IND"]
[SourceTitle "playchess.com"]
[Source "ChessBase"]
[SourceQuality "1"]
[TimeControl "5400+30"]

1. d4 Nf6 2. c4 e6 3. Nf3 d5 4. Nc3 dxc4 5. e3 a6 6. a4 c5 7. Bxc4 Be7 8. O-O O-O 9. Qe2 Nc6 10. Rd1 Qc7 11. dxc5 Bxc5 12. h3 Ne5 13. Nxe5 Qxe5 14. Rb1 {[%emt 0:00:06][%cal Ob2b4] The position is equal.} Bd7 15. b4 Bxb4 (15... Qxc3 $2 16. Bb2 $18) 16. Rxb4 Qxc3 $40 {[%emt 0:00:11][%mdl 128] Black has some attack.} 17. Rb3 Qa5 18. Rxb7 Bxa4 19. Rd6 (19. Qa2 $11) 19... Qc5 $1 $15 20. Rd4 {[%emt 0:00:02] [#]} Bb5 $1 21. Bb2 (21. Bxb5 Qxc1+) 21... Qc6 (21... e5 $15 22. Rh4 Rab8 23. Rxb8 (23. Bxf7+ $2 Kh8 $19) 23... Rxb8) 22. Rg4 g6 $17 (22... Qxb7 23. Rxg7+ Kxg7 24. Qg4+ Kh6 25. Qf4+ Kh5 26. Qe5+ (26. Bxf6 Qxg2+ 27. Kxg2 Rg8+ 28. Kh2 h6) 26... Kh6 27. Qxf6+ Kh5 28. g4#) 23. Rxb5 {[%emt 0:00:05] Rb4 would now be deadly.} Nxg4 (23... axb5 $2 24. Bxb5 $18 (24. Bxf6 bxc4 25. Rxc4 Qd5 $17) (24. Bxf6 bxc4 25. Rxc4 Qb5 $11)) 24. Rg5 (24. Rb3 $17 {might work better.} Nh6 25. e4) 24... Nh6 $19 25. Qh5 $2 (25. Ra5) 25... Nf5 26. Rxf5 Qb6 (26... gxh5 27. Rg5#) (26... exf5 27. Qh6) 27. Rxf7 gxh5 28. Rg7+ Kh8 29. Bc3 {[%emt 0:00:31] Strongly threatening Rg6+.} e5 30. Bxe5 {[%emt 0:00:08][%csl Gc4][%cal Rg7g8] [#] This pair of bishops is nice.} Qf6 $3 31. Bxf6 $17 Rxf6 {[%emt 0:00:01][%mdl 4096] Endgame. KRR-KRB} 32. Rd7 a5 33. Bd5 {[%emt 0:00:02] [#]} Raa6 34. Rd8+ Kg7 35. f4 Rf8 (35... a4 $19 {aiming for ...a3.} 36. Rd7+ Kf8 (36... Kh6 37. Be4 $11) 37. Rxh7 a3) 36. Rd7+ Kh8 {[%emt 0:00:18] White must now prevent ...a4.} 37. Bc4 {[%emt 0:01:24] [#]} Raa8 {[%emt 0:00:28] ...Rfd8 is the strong threat.} 38. Bd3 Rad8 (38... Rfd8 $17 39. Rxh7+ Kg8) 39. Rxh7+ $15 Kg8 40. Bc2 Rc8 {[%emt 0:00:37][%mdl 1024] Black has compensation.} 41. Bd3 Rc3 42. Bg6 Rc6 43. Be4 Re6 44. Bc2 Rc6 (44... Rc8 $15 45. Bf5 Rxe3) 45. Be4 $1 $11 Rc4 46. Bd3 Rc3 (46... Ra8 $11) 47. Bg6 $17 Rc6 {[%emt 0:00:34] White happily takes the draw.   Weighted Error Value: White=0.22 (precise) /Black=0.23 (precise) .  Mistake:       	White=4     	Black=7      Inaccurate:     	White=1     	Black=2      OK:         	White=12    	Black=12     Best:        	White=5     	Black=8      Strong:       	White=1     	Black=1} (47... Rxe3 $17 48. f5 a4) 1/2-1/2

[Event "15th Chennai GM Open 2025"]
[Site "Chennai"]
[Date "2025.01.04"]
[Round "4.9"]
[White "Dhananjay S"]
[Black "Sanket Chakravarty"]
[Result "1/2-1/2"]
[ECO "B53"]
[WhiteElo "2270"]
[BlackElo "2374"]
[Annotator "TA"]
[PlyCount "80"]
[EventDate "2025.01.02"]
[EventType "swiss"]
[EventCountry "IND"]
[SourceTitle "playchess.com"]
[Source "ChessBase"]
[SourceQuality "1"]
[TimeControl "5400+30"]

1. e4 c5 2. Nf3 d6 3. d4 cxd4 4. Qxd4 Nc6 5. Qe3 g6 6. Be2 Bg4 7. O-O Bg7 8. Rd1 Qb6 9. Qxb6 axb6 10. c3 Nf6 11. Nbd2 Nd7 {[%emt 0:00:29] [#]} 12. Nd4 Bxe2 $11 13. Nxe2 b5 14. a3 {[%emt 0:08:33] [#]} b4 $1 15. cxb4 Nxb4 16. Nb3 Nc6 17. Rb1 O-O 18. Bd2 b5 19. Rdc1 Rfc8 20. Rc2 Nde5 21. Nc3 Rab8 22. Na2 Nd3 23. Bc3 b4 24. Bxg7 Kxg7 25. Rd1 Nce5 (25... bxa3 {with more complications.} 26. Rxd3 Ne5 27. Rxc8 Rxc8 28. Rd1 axb2 29. Nd2 Nd3) 26. Rxc8 Rxc8 27. Nxb4 Nxb4 28. axb4 $15 {[%emt 0:00:04][%mdl 4096] Endgame KRN-KRN. White is a pawn up.} Rb8 29. Nd4 (29. Rd4 $11 {keeps the balance.}) 29... Rxb4 $17 30. b3 Nd7 31. Nc6 Rxe4 32. f3 Re3 33. Kf2 $1 Rxb3 {[%emt 0:00:04] aiming for ...Kf6.} 34. Nxe7 Rb2+ 35. Kf1 Ne5 36. Rxd6 Rb7 37. Nd5 Rb1+ 38. Kf2 Rb2+ 39. Kg3 Rd2 40. Nf6 {[%emt 0:00:06] and Ne8+ would now be decisive} Rxd6 1/2-1/2

[Event "15th Chennai GM Open 2025"]
[Site "Chennai"]
[Date "2025.01.04"]
[Round "4.10"]
[White "Nguyen, Duc Hoa"]
[Black "Mayukh Majumder"]
[Result "1/2-1/2"]
[ECO "B56"]
[WhiteElo "2358"]
[BlackElo "2013"]
[Annotator "TA"]
[PlyCount "96"]
[EventDate "2025.01.02"]
[EventType "swiss"]
[EventCountry "IND"]
[SourceTitle "playchess.com"]
[Source "ChessBase"]
[SourceQuality "1"]
[TimeControl "5400+30"]

1. e4 c5 2. Nf3 d6 3. d4 cxd4 4. Nxd4 Nf6 5. Nc3 Nc6 6. f3 e5 7. Nb3 Be6 8. Be3 d5 9. exd5 Nxd5 10. Nxd5 Qxd5 11. Qxd5 Bxd5 12. O-O-O O-O-O 13. Bb5 a6 14. Bxc6 Bxc6 15. Na5 Rd6 16. Rd2 (16. Rxd6 $142 Bxd6 17. Nxc6 bxc6 18. Rd1) 16... Rxd2 $11 17. Rf1 $2 {[%emt 0:00:08][%mdl 8192] [#]} (17. Bxd2 $11 Bd5 18. Nb3) 17... Rd1+ $2 18. Rxd1 Bb5 19. c4 Be8 20. Bb6 Be7 {[%emt 0:00:32] Against Rd8+} 21. Kc2 Bd7 22. Kc3 Be6 23. c5 f5 24. Nc4 Bxc4 25. Kxc4 {[%emt 0:00:06][%mdl 4096] Endgame KRB-KRB} Bf6 26. Ba5 e4 27. fxe4 fxe4 28. b3 Re8 29. h3 Bh4 30. Be1 Bxe1 (30... Bg5 $11) 31. Rxe1 {[%emt 0:00:04] KR-KR} Kc7 {[%emt 0:00:08] [#]} 32. Re3 $1 Kc6 33. b4 (33. a3 $16) 33... b6 $1 34. cxb6 Kxb6 35. g4 Rc8+ $1 (35... a5 36. bxa5+ Kxa5 37. Kd4 $14) 36. Kd5 Kb5 37. a3 (37. Kxe4 Re8+ 38. Kf4 Rxe3 39. Kxe3 Kxb4 $19) 37... Rf8 38. h4 Rf4 39. Rxe4 Rxe4 40. Kxe4 {[%emt 0:00:02] KP-KP. White is a pawn up.} Ka4 41. Kd4 {[%emt 0:00:55] Threatens to win with Kc4.} Kxa3 {[%emt 0:00:12] K3P-K3P} 42. Kc3 g6 43. Kc4 (43. g5 $5 Ka2 44. Kc2 $11) 43... Kb2 44. h5 gxh5 45. gxh5 h6 46. b5 axb5+ 47. Kxb5 Kb3 48. Kc5 Ka4 1/2-1/2

[Event "15th Chennai GM Open 2025"]
[Site "Chennai"]
[Date "2025.01.04"]
[Round "4.11"]
[White "Podolchenko, Evgeniy"]
[Black "Karthikeyan, P.."]
[Result "1-0"]
[ECO "D45"]
[WhiteElo "2346"]
[BlackElo "2286"]
[Annotator "TA"]
[PlyCount "91"]
[EventDate "2025.01.02"]
[EventType "swiss"]
[EventCountry "IND"]
[SourceTitle "playchess.com"]
[Source "ChessBase"]
[SourceQuality "1"]
[TimeControl "5400+30"]

1. d4 d5 2. c4 e6 3. Nc3 c6 4. e3 Nf6 5. Nf3 Nbd7 6. Qc2 Bd6 7. Bd2 O-O 8. O-O-O Bb4 9. Kb1 a5 10. Rg1 Bxc3 11. Bxc3 b5 12. cxb5 cxb5 13. Bxb5 Ba6 14. Bxa6 Rxa6 15. Ne5 Qa8 16. f3 {[%emt 0:02:21] White has more active pieces.} Rc8 17. Qe2 Nb6 18. Rc1 Nfd7 19. Nd3 Nc4 20. Ka1 Rac6 21. e4 Qa7 22. Rge1 Qc7 {[%emt 0:07:31] [#]} (22... Ncb6 $14) 23. Nc5 h6 (23... Nxc5 $2 24. exd5 a4 (24... exd5 25. Qe8+ Rxe8 26. Rxe8#) 25. dxc6 $18) (23... Ncb6 $142) 24. b3 ({White should try} 24. exd5 $16 exd5 25. b3) 24... Nd6 (24... Ncb6 $14) 25. exd5 $16 exd5 26. Bb2 Nf5 {[%emt 0:05:35] [#]} (26... Nxc5 27. dxc5 Nb7 28. Qe5 (28. Be5 Qd8 $14) 28... Qxe5 29. Rxe5 (29. Bxe5 Nxc5 30. Rcd1 Na6 $15) 29... Rxc5 30. Rxc5 Rxc5 31. a4) (26... Re8 $16 27. Qd3 Rxe1 28. Rxe1 Nf8) 27. Qd3 $1 $18 Nd6 28. a4 Nf6 29. Rc2 Qb6 30. Rec1 Qa7 31. g4 Re8 {[%emt 0:00:04] [#]} (31... R6c7 {was necessary.} 32. Ka2 Nh7) 32. Nd7 $1 Rxc2 33. Nxf6+ gxf6 34. Rxc2 (34. Qxc2 Qb6 35. Qd3 Kg7) 34... Qd7 35. Qd2 Kg7 36. Bc1 (36. Qxa5 Qb7 $18) 36... Qb7 37. Qxh6+ Kg8 38. Ka2 ({Not} 38. Qxf6 Qxb3 39. Rb2 (39. Qg5+ Kf8 $11) 39... Qxa4+ 40. Ra2 Qc4 41. Qg5+ Kf8 42. Qh6+ Ke7 $11) 38... Rb8 39. Rb2 {[%emt 0:00:37][%cal Og4g5] g5! would now be deadly.} (39. Qxf6 $2 {leads to mate.} Qxb3+ 40. Ka1 Qb1#) 39... Qe7 (39... Qc6 $142 40. h4 (40. Qxf6 Qxc1 41. Qxd6 Rxb3 $11) 40... Re8) 40. g5 Nf5 41. Qh3 Nxd4 (41... Ng7 $18 42. Qh6 fxg5 43. Bxg5 f6 44. Bxf6 Rb6 45. Bxe7 Rxh6) 42. gxf6 Qxf6 43. Qg3+ (43. Rg2+ $142 Kf8 44. Bg5 (44. Ba3+ Rb4 $18)) 43... Kh7 44. Qxb8 (44. Rg2 $142 Nf5 45. Qxb8 Ng7 46. Rg3 Qh4 47. Bb2 d4 48. Qf8 Qh6 49. Rg4 (49. Bxd4 Qxh2+ 50. Bb2 Qxg3 $18) (49. Qxf7 Kh8 50. f4 Kh7 51. h3 Kh8 52. Bxd4 Qg6 53. Qxg6 Kg8 54. Qxg7#)) 44... Nc6 45. Qf4 Nb4+ 46. Ka1 1-0

[Event "15th Chennai GM Open 2025"]
[Site "Chennai"]
[Date "2025.01.04"]
[Round "4.12"]
[White "Varun, V."]
[Black "Shyaam Nikhil P"]
[Result "1-0"]
[ECO "B51"]
[WhiteElo "2173"]
[BlackElo "2449"]
[Annotator "TA"]
[PlyCount "75"]
[EventDate "2025.01.02"]
[EventType "swiss"]
[EventCountry "IND"]
[SourceTitle "playchess.com"]
[Source "ChessBase"]
[SourceQuality "1"]
[TimeControl "5400+30"]

1. e4 c5 2. Nf3 d6 3. Bb5+ Nd7 4. c3 Ngf6 5. Qe2 a6 6. Ba4 Qc7 7. O-O b5 8. Bc2 e5 9. d4 Be7 10. a4 b4 11. Bd3 exd4 12. cxd4 cxd4 13. Nxd4 Nc5 14. Bf4 O-O 15. Nd2 Bg4 16. f3 Bd7 17. a5 (17. Rfc1 $14) 17... Nh5 $11 18. Be3 d5 19. f4 (19. exd5 Nf4 20. Bxf4 Qxf4 $11) 19... Nxd3 (19... dxe4 {simplifies} 20. Bxe4 Nxe4 21. Nxe4 Nf6) 20. Qxh5 (20. Qxd3 $11 dxe4 21. Nxe4) 20... dxe4 $17 21. f5 (21. Nxe4 $17 Nxb2 22. Rfc1) 21... Qe5 (21... Nxb2 22. f6 gxf6 (22... Bxf6 23. Rxf6 Qc3 24. Qg5 $14) 23. Rac1 $14) 22. Nc4 Qf6 (22... Qc5 $142 23. b3 Bb5) 23. Nb6 {[%emt 0:00:22] [#]} Qd6 $2 24. f6 Bxf6 25. Rxf6 Qxf6 26. Nxd7 {[%emt 0:00:08] Excellent horsemanship.} Qg6 27. Qxg6 hxg6 28. Nxf8 Kxf8 29. b3 Rc8 30. Ra2 Rc5 31. g3 Ke7 32. Rc2 Kd6 {[%emt 0:00:44] Prevents Nc6} 33. Rxc5 Nxc5 34. Kf2 {[%emt 0:01:41] and Bd2 should not be overlooked} Nb7 $2 (34... Kd5 {was necessary.} 35. Ke2 Nb7) 35. Bd2 $18 Kd5 36. Ke3 Nxa5 37. Bxb4 Nb7 38. Bf8 1-0

[Event "15th Chennai GM Open 2025"]
[Site "Chennai"]
[Date "2025.01.04"]
[Round "4.13"]
[White "Sri Sai Baswanth P"]
[Black "Agibileg, Uurtsaikh"]
[Result "1/2-1/2"]
[ECO "E63"]
[WhiteElo "2161"]
[BlackElo "2392"]
[Annotator "RC"]
[PlyCount "68"]
[EventDate "2025.01.02"]
[EventType "swiss"]
[EventCountry "IND"]
[SourceTitle "playchess.com"]
[Source "ChessBase"]
[SourceQuality "1"]
[TimeControl "5400+30"]

1. c4 Nf6 2. g3 g6 3. d4 Bg7 4. Bg2 O-O 5. Nf3 d6 6. Nc3 Nc6 7. O-O a6 8. b3 Rb8 9. d5 Na5 10. Bg5 c5 11. dxc6 Nxc6 12. Rc1 Bd7 13. Nd5 Nxd5 14. cxd5 Ne5 15. Nxe5 Bxe5 16. Qd2 Bf6 17. Bxf6 exf6 18. Qb4 Bb5 19. Bf3 Re8 20. Rc2 Re7 21. Rfc1 Kg7 22. Qd4 a5 23. Bg4 Bd7 24. Bxd7 Qxd7 25. Qb6 Qd8 26. Qxd8 Rxd8 27. e3 f5 28. Rc7 Kf6 29. Rxe7 Kxe7 30. Rc7+ Rd7 31. Rc8 Rd8 32. Rc7+ Rd7 33. Rc8 Rd8 34. Rc7+ Rd7 1/2-1/2

[Event "15th Chennai GM Open 2025"]
[Site "Chennai"]
[Date "2025.01.04"]
[Round "4.14"]
[White "Sarveshwaran V"]
[Black "Mrithyunjay Mahadevan"]
[Result "1-0"]
[ECO "C65"]
[WhiteElo "2150"]
[BlackElo "2345"]
[Annotator "TA"]
[PlyCount "71"]
[EventDate "2025.01.02"]
[EventType "swiss"]
[EventCountry "IND"]
[SourceTitle "playchess.com"]
[Source "ChessBase"]
[SourceQuality "1"]
[TimeControl "5400+30"]

1. e4 e5 2. Nf3 Nc6 3. Bb5 Bc5 4. c3 Nf6 5. O-O O-O 6. d4 Bb6 7. Bg5 h6 8. Bh4 Re8 ({Black should play} 8... d6 $14) 9. Re1 (9. Qc1 $18) 9... exd4 (9... g5 $16) 10. e5 $18 ({Not} 10. cxd4 g5 11. Bg3 Rxe4 (11... Nxe4 12. Nc3 $15) 12. Rxe4 Nxe4 $15) (10. Nxd4 Nxd4 11. cxd4 g5 $17 (11... Rxe4 $2 12. Rxe4 g5 13. Bxg5 $18)) 10... Nxe5 (10... g5 $16) 11. Nxe5 c6 12. Ba4 g5 {[%emt 0:00:29] [#]} 13. Bg3 $1 dxc3 (13... d6 $142) 14. Nxc3 d5 {[%emt 0:00:20] Against Ne4} 15. h4 d4 $2 {[%emt 0:01:01] [#]} (15... Bf5 16. Qf3 Be6) 16. Bb3 $1 Be6 17. Na4 (17. Ne4 $142) 17... Ba5 $2 (17... Bxb3 {keeps fighting.} 18. Qxb3 Qd5) 18. hxg5 hxg5 {[%emt 0:00:16] [#]} 19. Bxe6 $1 Rxe6 {[%emt 0:00:18] [#]} 20. Nc5 $1 Re7 (20... Bxe1 21. Nxe6) 21. Re2 Qd5 (21... Bb6 $142 22. b4 d3) 22. Qc1 $2 (22. Ned7 Rxd7 23. Re5 (23. Nxd7 Nxd7 24. Qd3 Rf8 $11)) 22... Nh7 23. Ne4 {[%emt 0:05:57][%cal Oe4f6] Strongly threatening Nf6+!.} Qb5 $2 {[%emt 0:04:59] [#]} (23... Re6) 24. Nf6+ $1 Kh8 {[%emt 0:00:02] [#]} (24... Nxf6 25. Qxg5+) 25. Ng6+ $1 fxg6 (25... Kg7 26. Rxe7) 26. Rxe7 Nxf6 27. Be5 Bb4 28. Bxf6+ Kg8 29. Re5 Qd3 30. Qxg5 Rf8 31. Qh4 Kf7 32. Be7 g5 33. Qxg5 Rg8 34. Qf6+ Ke8 35. Bd6+ Kd7 36. Qe7+ 1-0

[Event "15th Chennai GM Open 2025"]
[Site "Chennai"]
[Date "2025.01.04"]
[Round "4.15"]
[White "Anadkat Kartavya"]
[Black "Slizhevsky, Alexander"]
[Result "1/2-1/2"]
[ECO "B28"]
[WhiteElo "2139"]
[BlackElo "2340"]
[Annotator "TA"]
[PlyCount "60"]
[EventDate "2025.01.02"]
[EventType "swiss"]
[EventCountry "IND"]
[SourceTitle "playchess.com"]
[Source "ChessBase"]
[SourceQuality "1"]
[TimeControl "5400+30"]

1. e4 c5 2. Nf3 a6 3. g3 b5 4. Bg2 Bb7 5. d3 e6 6. O-O Be7 7. Re1 d6 8. c3 {[%emt 0:11:38] White is slightly better.} Nf6 9. Nbd2 O-O 10. d4 cxd4 11. cxd4 Qc7 12. b3 Rc8 {[%emt 0:04:16] The position is equal.} 13. Bb2 Qc2 14. Qxc2 Rxc2 15. Rab1 Nbd7 16. Bf1 Rac8 17. Bd3 R2c7 18. Kf1 Kf8 19. Rbc1 Rxc1 20. Rxc1 Rxc1+ 21. Bxc1 e5 22. d5 Nc5 23. Ne1 Bd8 24. f3 Nfd7 25. Ke2 f5 26. Bc2 Nf6 27. b4 Na4 28. Nb1 {[%emt 0:03:48] Against Nc3+} Nb6 29. Nc3 Bc8 30. Bd3 Kf7 {[%emt 0:03:07] Weighted Error Value: White=0.06 (flawless) /Black=0.04 (flawless) .  Inaccurate:     	White=2     	Black=1      OK:         	White=11    	Black=12} 1/2-1/2

[Event "15th Chennai GM Open 2025"]
[Site "Chennai"]
[Date "2025.01.05"]
[Round "5.1"]
[White "Siddharth, Jagadeesh"]
[Black "Iniyan, Pa"]
[Result "1/2-1/2"]
[ECO "B47"]
[WhiteElo "2515"]
[BlackElo "2508"]
[Annotator "TA"]
[PlyCount "60"]
[EventDate "2025.01.02"]
[EventType "swiss"]
[EventCountry "IND"]
[SourceTitle "playchess.com"]
[Source "ChessBase"]
[SourceQuality "1"]
[TimeControl "5400+30"]

1. e4 c5 2. Nf3 e6 3. d4 cxd4 4. Nxd4 Nc6 5. Nc3 Qc7 6. Be2 a6 7. Nxc6 Qxc6 ({Black should try} 7... bxc6 $11 8. Qd3 d5) 8. O-O $14 Qc7 9. f4 d6 10. a4 Nf6 11. Be3 Be7 12. a5 {[%emt 0:02:18] White is more active.} Bd7 13. Kh1 (13. Bb6 $16 Qb8 14. h3) 13... Bc6 $11 14. Bf3 O-O 15. Qd2 Rac8 16. Rfe1 Rfe8 17. Bb6 Qb8 18. Na4 d5 19. e5 Nd7 20. Bf2 Bxa4 21. Rxa4 b6 22. axb6 Nxb6 23. Bxb6 Qxb6 24. c3 Rb8 25. b4 {[%emt 0:00:06] [#]} d4 $1 26. Qxd4 Qxd4 27. cxd4 Rxb4 28. Rxa6 Rxd4 29. g3 g5 30. Re4 Rxe4 1/2-1/2

[Event "15th Chennai GM Open 2025"]
[Site "Chennai"]
[Date "2025.01.05"]
[Round "5.2"]
[White "Vaz, Ethan"]
[Black "Aronyak Ghosh"]
[Result "1/2-1/2"]
[ECO "C01"]
[WhiteElo "2412"]
[BlackElo "2544"]
[Annotator "TA"]
[PlyCount "79"]
[EventDate "2025.01.02"]
[EventType "swiss"]
[EventCountry "IND"]
[SourceTitle "playchess.com"]
[Source "ChessBase"]
[SourceQuality "1"]
[TimeControl "5400+30"]

1. e4 e6 2. d4 d5 3. exd5 exd5 4. Nf3 Nc6 5. c3 Bd6 6. Bd3 Qe7+ 7. Qe2 Qxe2+ 8. Kxe2 Nge7 9. Re1 f6 10. a4 Kf7 11. Nbd2 g5 12. Nf1 Ng6 13. h3 Nce7 14. Kd1 h5 15. Ng1 c6 16. b3 Nf4 17. Bxf4 Bxf4 18. Ra2 Bd6 (18... Bc7 {looks sharper.} 19. Nf3 Ng6 20. Rae2 Bd6) 19. Ne3 g4 (19... a5 $15) 20. hxg4 $11 hxg4 21. Ne2 f5 22. g3 Kf6 23. Rf1 Bd7 24. f3 gxf3 25. Rxf3 Rh1+ 26. Kd2 Kg5 27. Rc2 Rah8 28. Rc1 Rxc1 29. Kxc1 Rh1+ 30. Kd2 a5 31. Rf2 Rh3 32. Nf1 Rh1 33. Ne3 b5 34. Bc2 Rh3 35. Nf1 b4 36. Ng1 Rh1 37. Nf3+ Kf6 38. Bd3 bxc3+ 39. Kxc3 Rh8 40. g4 1/2-1/2

[Event "15th Chennai GM Open 2025"]
[Site "Chennai"]
[Date "2025.01.05"]
[Round "5.3"]
[White "Das, Sayantan"]
[Black "Podolchenko, Evgeniy"]
[Result "1-0"]
[ECO "C02"]
[WhiteElo "2434"]
[BlackElo "2346"]
[Annotator "TA"]
[PlyCount "63"]
[EventDate "2025.01.02"]
[EventType "swiss"]
[EventCountry "IND"]
[SourceTitle "playchess.com"]
[Source "ChessBase"]
[SourceQuality "1"]
[TimeControl "5400+30"]

1. e4 e6 2. d4 d5 3. e5 c5 4. c3 Qb6 5. Nf3 Nc6 6. Be2 cxd4 7. cxd4 Nh6 8. Bxh6 Qxb2 9. Nc3 (9. Nbd2 $5 gxh6 10. O-O $11) 9... gxh6 (9... Qxc3+ {is superior.} 10. Bd2 Qa3) 10. Nb5 $1 $11 Qb4+ 11. Kf1 Qa5 {[%emt 0:00:22] Repels Nc7+} 12. Qc1 $1 a6 13. Nd6+ Bxd6 14. exd6 Qd8 15. Qf4 {[%emt 0:00:21][%cal Oh2h4][%mdl 1024] White has compensation.} O-O 16. h4 f6 {[%emt 0:01:56][%cal Oe6e5] [#]} 17. Rh3 $1 {[%emt 0:04:32] White is more active.} (17. Qxh6 Qxd6 18. Rh3 Kh8 $16) 17... Kh8 {[%emt 0:06:06][%cal Oe6e5] ...e5! would now be deadly.} 18. Rg3 $1 Bd7 (18... Qe8 $16) 19. Rb1 $18 (19. Qxh6 $6 Rf7 $14) 19... b5 20. Rc1 (20. Qxh6 $6 Rf7 $14) 20... Rc8 21. h5 Rf7 (21... Rg8 {was called for.}) 22. Nh4 $40 {[%emt 0:08:13][%mdl 128] White attacks with force.} (22. Qxh6 Qf8 23. Qd2 Qxd6 $11) 22... Rg7 $2 (22... Nxd4 23. Rxc8 Qxc8) 23. Qxh6 Rxg3 24. fxg3 e5 {[%emt 0:08:55] [#]} 25. Rxc6 $1 Rxc6 (25... Kg8 26. Rxa6) 26. Ng6+ Kg8 27. Ne7+ Kf7 28. dxe5 Qh8 29. Nxc6 {[%emt 0:01:54][%cal Oh6f4] and Qf4! should not be overlooked} ({Inferior is} 29. Nxd5 fxe5 30. Qg5 Ke6 $11) 29... Bxc6 30. Bg4 f5 31. e6+ Ke8 32. d7+ 1-0

[Event "15th Chennai GM Open 2025"]
[Site "Chennai"]
[Date "2025.01.05"]
[Round "5.4"]
[White "Kaustuv, Kundu"]
[Black "Varun, V."]
[Result "1-0"]
[ECO "D32"]
[WhiteElo "2409"]
[BlackElo "2173"]
[Annotator "TA"]
[PlyCount "71"]
[EventDate "2025.01.02"]
[EventType "swiss"]
[EventCountry "IND"]
[SourceTitle "playchess.com"]
[Source "ChessBase"]
[SourceQuality "1"]
[TimeControl "5400+30"]

1. Nf3 c5 2. c4 Nc6 3. e3 Nf6 4. Nc3 e6 5. d4 d5 6. cxd5 exd5 7. Bb5 cxd4 8. Nxd4 Bd7 9. O-O Bd6 10. Nf3 a6 11. Be2 Be6 12. b3 O-O 13. Bb2 Rc8 14. Rc1 Qe7 (14... Re8 {with more complications.} 15. Na4 Ne4 16. Nd4 Bd7) 15. Rc2 Rfd8 16. Qa1 {[%emt 0:03:21] [#]} (16. Rd2 $11 {keeps the balance.}) 16... d4 $1 $17 17. exd4 Nb4 18. Rd2 Bf4 {[%emt 0:08:14][%mdl 1024] Black has strong compensation.} 19. Rdd1 Bf5 (19... Nfd5 $17 20. Bc4 Nxc3 21. Bxc3 Bxc4 22. bxc4 Rxc4) 20. Ba3 $11 Bd6 $1 21. d5 (21. Rc1 $15 {feels stronger.}) 21... Nc2 $17 22. Bxd6 Rxd6 23. Qb2 {[%emt 0:07:31] [#]} Rxc3 $2 24. Qxc3 $16 Qxe2 {[%emt 0:00:06] [#]} 25. Nh4 $1 $36 {[%emt 0:06:12][%mdl 2048] Keeping Black busy.} Bd7 (25... Rxd5 $2 26. Rxd5 Nxd5 27. Qa5 $18) (25... Nxd5 $2 26. Qc5 (26. Nxf5 $2 Nxc3 27. Rxd6 h5 $19) (26. Qg3 Re6 $18) 26... Bd7 27. Qxd6 $18) 26. Rd2 Qg4 $2 {[%emt 0:02:46] [#]} (26... Qe4 $16) 27. Qe5 $1 $18 Qxh4 (27... Ne8 {was worth a try.}) 28. Qxd6 Nd4 (28... Qe4 $142 29. Qc5 Ne1) 29. Qb8+ Ne8 {[%emt 0:00:07][%cal Od4f3] Strongly threatening ...Nf3+!.} 30. Re1 Kf8 31. Rxe8+ Bxe8 32. Qd6+ (32. Qxb7 $2 {loses.} Nf3+ 33. gxf3 Qg5+ 34. Kf1 Qxd2 $19) 32... Kg8 (32... Qe7 $142 33. Qxe7+ Kxe7 34. Rxd4 Kd6) 33. Qe5 $1 Nf3+ 34. gxf3 Qd8 35. d6 {[%emt 0:01:30][%cal Od6d7] and d7! should not be overlooked} Bd7 36. Qe7 1-0

[Event "15th Chennai GM Open 2025"]
[Site "Chennai"]
[Date "2025.01.05"]
[Round "5.5"]
[White "Kolla Bhaavan"]
[Black "Sammed Jaykumar, Shete"]
[Result "0-1"]
[ECO "B22"]
[WhiteElo "1946"]
[BlackElo "2379"]
[Annotator "TA"]
[PlyCount "54"]
[EventDate "2025.01.02"]
[EventType "swiss"]
[EventCountry "IND"]
[SourceTitle "playchess.com"]
[Source "ChessBase"]
[SourceQuality "1"]
[TimeControl "5400+30"]

1. e4 c5 2. Nf3 a6 3. c3 d5 4. exd5 Qxd5 5. d4 Nf6 6. Be3 cxd4 7. cxd4 e6 8. Nc3 Qd6 9. Bd3 Nc6 10. a3 Be7 11. O-O O-O 12. Qc2 Bd7 13. Rad1 Rac8 14. Rfe1 Rfd8 15. h3 (15. Ng5 {is interesting.} g6 16. Qe2 Nd5 17. Qf3) 15... Na5 (15... b5 $11) 16. Bg5 {[%emt 0:01:50][%cal Od4d5] And now d5! would win.} h6 17. Bxf6 ({White should play} 17. Bh4 $14) 17... Bxf6 $11 18. Qe2 Bc6 (18... Bxd4 $2 19. Nxd4 Be8 (19... Qxd4 $2 20. Bh7+ Kxh7 21. Rxd4 $18) 20. Nb3 $18) 19. Ne5 Nb3 (19... Qxd4 $2 {too greedy.} 20. Bh7+ Kxh7 21. Rxd4 Rxd4 22. Nxf7 $18) 20. Bc4 (20. Nxc6 $11 {keeps the balance.} Qxc6 (20... Rxc6 21. d5 $16) 21. Be4) 20... Nxd4 $17 21. Rxd4 Qxd4 22. Nxf7 {[%emt 0:00:30] [#]} Kxf7 (22... Re8 $1 $17 23. Rd1 Qf4) 23. Qxe6+ $11 Kg6 24. Re3 $2 (24. Ba2 $11 Kh7 25. Bb1+ g6 (25... Kh8 $2 26. Qf5 $18) 26. Qf7+ Bg7 (26... Kh8 $2 27. Qxg6 Rc7 28. Qxh6+ Kg8 29. Ba2+ Rf7 30. Qg6+ Kh8 31. Qxf7 $18) 27. Qxg6+ Kg8 28. Qe6+ Kh8 29. Qf5) 24... Qf4 $19 (24... Kh7 25. Bd3+ Kh8 26. Qf5 $11) 25. Bd3+ {[%emt 0:00:51] [#]} (25. g3 $142 Qf5 26. Qxf5+ Kxf5 27. Be6+ Kg6 28. Bxc8 Rxc8 29. Re1) 25... Rxd3 $1 26. Rxd3 Re8 27. Rg3+ {[%emt 0:00:23] [#]} Qxg3 $3 0-1